 Dungeon Crawl Stone Soup version 0.23-a0-470-g6f7cfd9 (webtiles) character file.

181777 nikopol the Executioner (level 17, -11/228 HPs)
             Began as a Minotaur Berserker on Nov 23, 2018.
             Was the Champion of Trog.
             Mangled by a swamp dragon (13 damage)
             ... called by a spriggan druid
             ... on level 3 of the Swamp on Nov 26, 2018.
             The game lasted 01:26:12 (35548 turns).

nikopol the Executioner (Minotaur Berserker)       Turns: 35548, Time: 01:26:13

Health: -11/228    AC: 18    Str: 30    XL:     17   Next: 69%
Magic:  16/16      EV: 15    Int:  4    God:    Trog [******]
Gold:   3062       SH:  0    Dex: 16    Spells: 16/16 levels left

rFire    + . .     SeeInvis +   a - +6 executioner's axe (flame)
rCold    . . .     Gourm    .   (shield currently unavailable)
rNeg     . . .     Faith    .   E - +2 chain mail of Uboep {Regen+ SInv}
rPois    +         Spirit   .   (helmet restricted)
rElec    .         Reflect  .   b - scarf {cloud immunity}
rCorr    .         Harm     .   g - +1 pair of gloves
MR       ++...                  R - +0 pair of boots
Stlth    ..........             W - amulet of regeneration
HPRegen  1.28/turn              v - ring of Cox Apu {rPois rF+ Str+2 SInv}
MPRegen  0.15/turn              J - ring of protection from magic

@: berserking, very quick
A: retaliatory headbutt, horns 2
a: Berserk, Trog's Hand, Brothers in Arms, Renounce Religion


You were on level 3 of the Swamp.
You worshipped Trog.
Trog was exalted by your worship.
You were very hungry.

You visited 4 branches of the dungeon, and saw 27 of its levels.
You visited the Abyss 1 time.

You collected 3062 gold pieces.

Inventory:

Hand Weapons
 a - a +6 executioner's axe of flaming (weapon)
 z - a +4 longbow of freezing
Missiles
 e - 616 arrows
Armour
 b - a scarf of cloud immunity (worn)
 g - a +1 pair of gloves (worn)
 E - the +2 chain mail of Uboep (worn) {Regen+ SInv}
   (You found it on level 3 of the Swamp)

   It lets you see invisible.
   It increases your rate of regeneration.
 Q - a +2 cloak
 R - a +0 pair of boots (worn)
Jewellery
 v - the ring of Cox Apu (left hand) {rPois rF+ Str+2 SInv}
   (You acquired it on level 15 of the Dungeon)

   [ring of see invisible]

   It affects your strength (+2).
   It protects you from fire.
   It protects you from poison.
   It lets you see invisible.
 J - a ring of protection from magic (right hand)
 N - an uncursed ring of flight
 W - an amulet of regeneration (around neck)
Wands
 h - a wand of polymorph (11)
 w - a wand of digging (13)
 H - a wand of acid (20)
 S - a wand of disintegration (16)
 T - a wand of iceblast (11)
 Y - a wand of flame (16)
 Z - a wand of enslavement (22)
Scrolls
 d - a scroll of identify
 k - a scroll of fear
 n - 10 scrolls of enchant armour
 p - a scroll of holy word
 q - 11 scrolls of teleportation
 r - 3 scrolls of immolation
 y - 4 scrolls of remove curse
 A - 9 scrolls of enchant weapon
 C - 2 scrolls of random uselessness {unknown}
 D - 4 scrolls of magic mapping {unknown}
 G - 2 scrolls of torment {unknown}
 I - a scroll of noise {unknown}
 O - 2 scrolls of blinking {unknown}
 V - a scroll of summoning {unknown}
 X - 5 scrolls of fog {unknown}
Potions
 f - 8 potions of curing
 i - 11 potions of haste
 j - 5 potions of agility
 l - 3 potions of resistance
 m - a potion of degeneration {unknown}
 o - 3 potions of heal wounds
 s - 7 potions of flight
 t - 2 potions of invisibility
 u - 2 potions of cancellation {unknown}
 B - 2 potions of ambrosia {unknown}
 K - 4 potions of brilliance
 L - 2 potions of lignification
 M - 3 potions of might
 P - 7 potions of mutation
 U - a potion of magic {unknown}
Comestibles
 c - 42 rations
 x - 2 chunks of flesh


   Skills:
 + Level 14.2 Fighting
 * Level 21.1 Axes
 * Level 18.6 Bows
 + Level 11.1 Armour
 + Level 9.0 Dodging
 + Level 3.3 Stealth


You had 16 spell levels left.
You didn't know any spells.
Your spell library was empty.

Dungeon Overview and Level Annotations

Branches:
Dungeon (15/15)            Temple (0/1) D:7            Lair (6/6) D:11
  Swamp (4/4) Lair:3        Snake (0/4) Lair:4        Slime (0/5) Lair:6
    Orc (2/2) D:11            Elf (0/3) Orc:2        Vaults (0/5) D:13
 Depths (0/5) D:15

Altars:
Ashenzari
Dithmenos
Gozag
Nemelex Xobeh
Uskayaw
Wu Jian
Xom
Yredelemnul
Zin
Beogh
Jiyva

Shops:
D:5 (   D:9 }   Orc:1 [   Orc:2 !=%*


Innate Abilities, Weirdness & Mutations

You reflexively headbutt those who attack you in melee.
You have a pair of horns on your head.


Message History

* * * LOW HITPOINT WARNING * * *
The swamp dragon barely misses you.
There is an escape hatch in the ceiling here.
The swamp dragon bites you.
* * * LOW HITPOINT WARNING * * *
The swamp dragon claws you but does no damage.
The swamp dragon barely misses you. The swamp worm misses you.
You furiously retaliate!
You headbutt the swamp worm.
Your deep troll bites the swamp dragon!
Your deep troll claws the swamp dragon!
Your deep troll claws the swamp dragon!!
A mysterious force pulls you upwards. The hatch slams shut behind you.
A red film seems to cover your vision as you go berserk!
You feel yourself moving faster!
You feel mighty!
You are feeling very hungry.
The swamp worm bites you!
* * * LOW HITPOINT WARNING * * *
The swamp dragon barely misses you. The swamp dragon claws you!
* * * LOW HITPOINT WARNING * * *
The swamp dragon tramples you!
You die...

...≈≈≈≈.♣.....≈..≈≈≈≈≈♣♣
.≈≈≈≈≈≈.§≈≈≈≈≈≈.♣......♣
.≈.♣≈♣♣§≈≈.≈.≈≈.♣♣♣♣...♣
..♣♣.≈§≈...≈≈≈...♣ ♣♣..♣
..♣♣♣..≈≈≈.≈.♣≈≈.♣ ♣..♣♣
..♣ ♣.≈.≈≈≈.♣..≈≈♣♣
♣♣..♣ ..♣
♣≈≈.≈≈≈≈♣♣.≈≈.♣ ♣..♣ ..♣
♣.≈.≈≈≈≈♣♣...♣♣ ♣♣≈♣♣
..♣ ♣...≈≈.♣♣♣♣w@♣♣
♣♣..♣♣ ..♣ ♣.>.≈.(♣
♣.D..♣ ♣...≈♣ ..♣
♣.≈...♣♣ ♣♣...♣♣ ♣..♣≈♣♣
.†♣♣♣...♣≈♣ ♣♣...♣
♣..♣♣.♣ ≈.♣♣...♣≈.♣
♣≈^♣♣ ♣≈.♣♣♣♣
.≈≈♣♣..≈≈.♣ ♣≈.♣ ♣..♣
[.≈♣..♣≈≈.♣ ♣..♣ ♣≈.♣
§≈..♣..≈≈.♣ ♣..♣ ♣≈≈♣
≈≈≈..≈≈≈≈.♣ ♣♣≈♣♣ ♣≈♣♣


You could see a swamp dragon and a swamp worm.

Vanquished Creatures
  Frances (D:14)
  Donald (Orc:2)
  A very ugly thing (Swamp:3)
  Snorg (D:14)
  Josephine (D:11)
  A fire dragon (D:15)
  16 hydras
  4 vault guards (D:13)
  An ice dragon (D:11)
  3 ghost crabs
  5 centaur warriors
  5 shambling mangroves
  6 two-headed ogres
  A death knight (D:11)
  The ghost of Noname the Nimble, a journeyman DEVM of Ru (Lair:1)
  3 death yaks (Lair:6)
  15 alligators
  Urug (Lair:5)
  3 unseen horrors
  A spriggan druid (Swamp:2)
  A deep troll (shapeshifter) (D:15)
  A wizard (D:14)
  7 swamp dragons
  5 orc knights
  A manticore (D:14)
  Pikel (D:5)
  3 oklob plants (Lair:2)
  2 orc sorcerers
  A salamander (shapeshifter) (D:14)
  An orb spider (shapeshifter) (D:15)
  17 slime creatures
  24 ugly things
  3 cyclopes
  A guardian serpent (D:14)
  6 elephants
  3 centaur zombies
  A large abomination (Abyss:3)
  40 spiny frogs
  3 gargoyles
  A spiny frog (shapeshifter) (D:15)
  2 rime drakes (Lair:6)
  5 komodo dragons
  5 trolls
  A polar bear (Lair:5)
  2 trolls (shapeshifter)
  A meliai (shapeshifter) (D:15)
  17 tyrant leeches
  13 hornets
  3 meliai (D:15)
  Grinder (D:3)
  A harpy skeleton (D:15)
  40 blink frogs
  8 bog bodies
  12 dream sheep
  6 hippogriffs
  4 shadows
  A vampire (D:12)
  6 spriggans
  2 water elementals (D:15)
  4 wraiths (D:11)
  A fire elemental (D:14)
  5 wyverns
  30 yaks
  3 hungry ghosts
  3 basilisks
  Eustachio (D:6)
  A steam dragon (D:11)
  23 vampire mosquitoes
  Menkaure (D:4)
  4 wargs
  4 nagas (Lair:4)
  2 acid dragons
  18 swamp worms
  5 insubstantial wisps (Swamp:2)
  Edmund (D:5)
  A hell hound (D:14)
  7 water moccasins
  A slave (D:5)
  9 swamp drakes
  11 porcupines
  A small abomination (Abyss:3)
  33 orc warriors
  3 sky beasts
  A black bear (shapeshifter) (D:15)
  2 black bears
  An eye of draining (D:13)
  12 ogres
  3 boggarts (D:15)
  22 wolves
  3 phantoms
  16 centaurs
  A necrophage (D:11)
  11 crocodiles
  2 big kobolds
  26 bullfrogs
  A gnoll sergeant (D:10)
  A wyvern skeleton (D:8)
  7 scorpions
  19 killer bees
  3 howler monkeys
  9 wights (D:12)
  6 electric eels
  9 crimson imps
  2 quasits
  A bullfrog zombie (D:5)
  7 hounds
  3 jellies
  10 orc priests
  Crazy Yiuf (D:7)
  7 centaur skeletons
  A gnoll shaman (D:8)
  9 orc wizards
  2 bullfrog skeletons
  Terence (D:3)
  5 iguanas
  Natasha (thrice) (D:3)
  12 worker ants
  Ijyb (D:3)
  Robin (D:4)
  22 adders
  12 gnolls
  5 shadow imps
  4 oozes
  A worm (D:2)
  4 adder skeletons
  6 dart slugs
  6 leopard geckos
  62 orcs
  3 ball pythons
  13 bats
  10 giant cockroaches
  19 goblins
  10 hobgoblins
  2 jackals (D:4)
  3 quokkas
  6 frilled lizards
  2 jackal skeletons
  27 kobolds
  2 leopard gecko skeletons
  A leopard gecko zombie (D:5)
  A quokka zombie (D:6)
  15 rats
  A bush (D:3)
  6 fungi
  6 plants
965 creatures vanquished.

Vanquished Creatures (collateral kills)
  Azrael (D:14)
  A hydra (Swamp:4)
  A spriggan druid (Swamp:4)
  2 fire elementals (D:14)
  A hell hound (D:14)
  A big kobold (D:14)
  An orc (D:14)
  A kobold (D:14)
9 creatures vanquished.

Vanquished Creatures (others)
  An alligator (Swamp:4)
  A spriggan druid (Swamp:4)
  A wolf (Lair:6)
  A bullfrog (D:9)
  A centaur skeleton (D:9)
  A worker ant zombie (D:5)
  An ooze (D:6)
  An orc (D:14)
  2 bushes (Lair:6)
  18 fungi
  50 plants
78 creatures vanquished.

Grand Total: 1052 creatures vanquished

Notes
Turn   | Place    | Note
-------+----------+-------------------------------------------
     0 | D:1      | nikopol the Minotaur Berserker began the quest for the Orb.
     0 | D:1      | Reached XP level 1. HP: 19/19 MP: 0/0
    72 | D:1      | Reached XP level 2. HP: 24/27 MP: 1/1
    87 | D:1      | Reached skill level 4 in Axes
   281 | D:1      | Reached XP level 3. HP: 34/34 MP: 2/2
   519 | D:1      | Reached ** piety under Trog
   708 | D:2      | Found an opulent altar of Gozag.
   836 | D:2      | Reached XP level 4. HP: 41/41 MP: 3/3
  1004 | D:2      | Found a faded altar of an unknown god.
  1489 | D:3      | Found a basalt altar of Yredelemnul.
  1490 | D:3      | Reached skill level 5 in Axes
  1554 | D:3      | Reached XP level 5. HP: 47/47 MP: 4/4
  1587 | D:3      | Found an ornate altar of the Wu Jian Council.
  1595 | D:3      | Reached *** piety under Trog
  1620 | D:3      | Noticed Ijyb
  1628 | D:3      | Killed Ijyb
  1790 | D:3      | Noticed Terence
  1797 | D:3      | Killed Terence
  1847 | D:3      | Noticed Natasha
  1855 | D:3      | Killed Natasha
  1873 | D:3      | Noticed Grinder
  1887 | D:3      | Paralysed by Grinder for 2 turns
  1892 | D:3      | Killed Grinder
  1892 | D:3      | Reached skill level 5 in Fighting
  1892 | D:3      | Reached skill level 6 in Axes
  1892 | D:3      | Reached skill level 5 in Armour
  1892 | D:3      | Reached XP level 6. HP: 25/56 MP: 5/5
  2392 | D:3      | Noticed Natasha
  2396 | D:3      | Killed Natasha
  2485 | D:3      | Noticed Natasha
  2489 | D:3      | Killed Natasha
  2555 | D:3      | Reached **** piety under Trog
  2555 | D:3      | Reached XP level 7. HP: 61/61 MP: 6/6
  2687 | D:4      | Noticed Robin
  2688 | D:4      | Reached skill level 1 in Stealth
  2695 | D:4      | Killed Robin
  2766 | D:4      | Noticed Menkaure
  2778 | D:4      | Killed Menkaure
  2778 | D:4      | Reached skill level 7 in Axes
  3479 | D:5      | Entered Level 5 of the Dungeon
  3676 | D:5      | Noticed Pikel
  3685 | D:5      | Killed Pikel
  3685 | D:5      | Reached skill level 8 in Axes
  3685 | D:5      | Reached XP level 8. HP: 70/70 MP: 7/7
  3716 | D:5      | Found Ibanecaa's Antique Weapon Shop.
  3726 | D:5      | Noticed Edmund
  3746 | D:5      | Killed Edmund
  4026 | D:6      | Noticed Eustachio
  4045 | D:6      | Killed Eustachio
  4045 | D:6      | Reached skill level 9 in Axes
  4045 | D:6      | Reached skill level 5 in Dodging
  4119 | D:6      | Found a shattered altar of Ashenzari.
  4388 | D:6      | Reached XP level 9. HP: 64/78 MP: 8/8
  5288 | D:7      | Reached ***** piety under Trog
  5288 | D:7      | Reached skill level 10 in Axes
  5311 | D:7      | Found a runed door.
  5315 | D:7      | Noticed Crazy Yiuf
  5319 | D:7      | Killed Crazy Yiuf
  5572 | D:7      | Found a staircase to the Ecumenical Temple.
  5654 | D:7      | Found a sparkling altar of Nemelex Xobeh.
  5848 | D:8      | Reached skill level 11 in Axes
  5942 | D:8      | Reached XP level 10. HP: 80/88 MP: 9/9
  5945 | D:8      | Upgraded the game from 0.23-a0-451-g1044d4c to
                  | 0.23-a0-455-ge12115f
  6299 | D:8      | Received a gift from Trog
  6526 | D:8      | Reached skill level 1 in Bows
  6715 | D:9      | Found a shimmering altar of Xom.
  6715 | D:9      | Found a glowing silver altar of Zin.
  6715 | D:9      | Noticed an angel
  6740 | D:9      | Noticed a two-headed ogre
  6748 | D:9      | Killed a two-headed ogre
  6748 | D:9      | Reached skill level 12 in Axes
  6937 | D:9      | Found Git Putz's Gadget Emporium.
  7070 | D:10     | Entered Level 10 of the Dungeon
  7295 | D:10     | Reached skill level 5 in Bows
  7398 | D:10     | Noticed a two-headed ogre
  7403 | D:10     | Killed a two-headed ogre
  7476 | D:10     | Reached XP level 11. HP: 92/95 MP: 10/10
  7656 | D:11     | Noticed a red ugly thing
  7673 | D:11     | Killed a red ugly thing
  7863 | D:11     | Found a staircase to the Orcish Mines.
  7870 | D:11     | Found a staircase to the Lair.
  7884 | D:11     | Found a roughly hewn altar of Beogh.
  8329 | D:11     | Received a gift from Trog
  8419 | D:11     | Noticed a two-headed ogre
  8423 | D:11     | Killed a two-headed ogre
  8478 | D:11     | You fall through a shaft for 2 floors!
  8478 | D:13     | Found a shadowy altar of Dithmenos.
  8808 | D:11     | Noticed an ice dragon
  8809 | D:11     | Noticed Josephine
  8811 | D:11     | Noticed a death knight
  9094 | D:11     | Killed Josephine
  9095 | D:11     | Killed a death knight
  9095 | D:11     | Reached skill level 13 in Axes
  9388 | D:12     | Received a gift from Trog
  9391 | D:12     | Noticed a purple ugly thing
  9400 | D:12     | Killed a purple ugly thing
  9810 | D:12     | Reached skill level 10 in Bows
 10002 | D:12     | Received a gift from Trog
 10221 | D:13     | Noticed a centaur warrior
 10225 | D:13     | Noticed a vault guard
 10227 | D:13     | Noticed a purple ugly thing
 10227 | D:13     | Killed a centaur warrior
 10227 | D:13     | Reached XP level 12. HP: 45/106 MP: 11/11
 10228 | D:13     | Noticed a vault guard
 10556 | Lair:1   | Entered Level 1 of the Lair of Beasts
 10734 | Lair:1   | Reached skill level 10 in Fighting
 10896 | Lair:1   | Reached skill level 14 in Axes
 11347 | Lair:1   | Upgraded the game from 0.23-a0-455-ge12115f to
                  | 0.23-a0-458-g93a6ea9
 11796 | Lair:1   | Found a runed door.
 11799 | Lair:1   | Noticed Noname's ghost (journeyman DEVM)
 11898 | Lair:1   | Killed Noname's ghost
 13348 | Lair:3   | Got a brightly glowing flail
 13349 | Lair:3   | Identified the +9 flail "Killer Bee's Curse" {drain, Str+2
                  | Stlth+} (You found it on level 3 of the Lair of Beasts)
 13512 | Lair:3   | Received a gift from Trog
 13610 | Lair:3   | Reached skill level 15 in Axes
 13632 | Lair:3   | Found a staircase to the Swamp.
 13636 | Lair:3   | Reached XP level 13. HP: 92/115 MP: 12/12
 14975 | Lair:4   | Found a staircase to the Snake Pit.
 15104 | Lair:4   | Reached ****** piety under Trog
 15237 | Lair:4   | Found a hide-covered altar of Uskayaw.
 15690 | Lair:5   | Received a gift from Trog
 15904 | Lair:5   | Noticed Urug
 15916 | Lair:5   | Killed Urug
 16772 | Lair:6   | Entered Level 6 of the Lair of Beasts
 17753 | Lair:6   | Received a gift from Trog
 18131 | Lair:6   | Reached skill level 16 in Axes
 18224 | Lair:6   | Reached skill level 10 in Armour
 18576 | Lair:6   | Reached XP level 14. HP: 125/125 MP: 13/13
 19459 | Lair:6   | Reached skill level 17 in Axes
 20001 | Lair:6   | Found a viscous altar of Jiyva.
 20002 | Lair:6   | Found a staircase to the Slime Pits.
 20515 | Orc:1    | Entered Level 1 of the Orcish Mines
 20632 | Orc:1    | Found Kafiohog's Armour Shop.
 20768 | Orc:2    | Entered Level 2 of the Orcish Mines
 20866 | Orc:2    | Noticed Donald
 20881 | Orc:2    | Killed Donald
 21215 | Orc:2    | Reached skill level 15 in Bows
 21927 | D:11     | Received a gift from Trog
 23084 | Orc:1    | Received a gift from Trog
 25026 | Orc:1    | Received a gift from Trog
 25940 | Orc:2    | Received a gift from Trog
 26210 | Orc:2    | Found a staircase to the Elven Halls.
 26743 | Orc:2    | Found Raczuis's Jewellery Emporium.
 26743 | Orc:2    | Found Ukust's Food Shop.
 26745 | Orc:2    | Found Veatum's General Store.
 26747 | Orc:2    | Found Pirript's Distillery.
 27117 | D:13     | Received a gift from Trog
 27227 | D:13     | Reached skill level 18 in Axes
 27518 | D:13     | Found a gate to the Vaults.
 27557 | D:13     | Reached XP level 15. HP: 68/134 MP: 14/14
 28452 | D:13     | Received a gift from Trog
 28751 | D:14     | Noticed Frances
 28758 | D:14     | Killed Frances
 28786 | D:14     | Noticed Azrael
 28799 | D:14     | Killed Azrael
 29369 | D:14     | Noticed Snorg
 29378 | D:14     | Killed Snorg
 29860 | D:14     | Reached skill level 19 in Axes
 29860 | D:14     | Reached XP level 16. HP: 141/141 MP: 15/15
 30031 | D:15     | Entered Level 15 of the Dungeon
 30038 | D:15     | Received a gift from Trog
 30508 | D:15     | Received a gift from Trog
 30514 | D:15     | Found a sparkling altar of Nemelex Xobeh.
 30915 | D:15     | Found a staircase to the Depths.
 31379 | D:15     | Upgraded the game from 0.23-a0-458-g93a6ea9 to
                  | 0.23-a0-470-g6f7cfd9
 31430 | D:15     | Identified a scroll of acquirement
 31431 | D:15     | Got a steaming platinum ring
 31433 | D:15     | Identified the ring of Cox Apu {rPois rF+ Str+2 SInv} (You
                  | acquired it on level 15 of the Dungeon)
 31671 | Swamp:1  | Entered Level 1 of the Swamp
 32106 | Swamp:1  | Received a gift from Trog
 32825 | Swamp:2  | Cast into level 3 of the Abyss (a Zot trap)
 32871 | Swamp:2  | Escaped the Abyss
 32898 | Swamp:2  | Reached skill level 20 in Axes
 33120 | Swamp:2  | Reached XP level 17. HP: 150/150 MP: 16/16
 34047 | Swamp:3  | Got a scorched chain mail
 34083 | Swamp:3  | Identified the +2 chain mail of Uboep {Regen+ SInv} (You
                  | found it on level 3 of the Swamp)
 34179 | Swamp:3  | Received a gift from Trog
 34638 | Swamp:4  | Entered Level 4 of the Swamp
 35378 | Swamp:4  | Received a gift from Trog
 35378 | Swamp:4  | Reached skill level 21 in Axes
 35512 | Swamp:4  | Received a gift from Trog
 35542 | Swamp:4  | HP: 7/152 [seven-headed hydra[a spriggan druid] (4)]
 35548 | Swamp:3  | HP: 11/228 [swamp worm[a spriggan druid] (14)]
 35548 | Swamp:3  | HP: 2/228 [swamp dragon[a spriggan druid] (9)]
 35548 | Swamp:3  | Mangled by a swamp dragon

Vault maps used:
D:1:      minmay_arrival_loop
D:2:      chequers_ecumenical_altar_island, grunt_gozag_breadcrumbs
D:3:      minmay_bubble_buster, old_standard_altar, lemuel_round_altar,
          hex_medium, lexackson_kobold_supper, uniq_terence, uniq_grinder,
          uniq_ijyb, uniq_natasha
D:4:      uniq_robin, uniq_menkaure
D:5:      black_bear_nest_2, first_ration, serial_shops, kennysheep_mini_moat,
          uniq_pikel, uniq_edmund
D:6:      minmay_recursive_quarters, evilmike_ruin_ashenzari, uniq_eustachio
D:7:      minmay_temple_entry_butterflies, the_bakery, nemelex_altar_shiori,
          uniq_crazy_yiuf_cottage
D:9:      grunt_temple_overflow_order_and_chaos_1, serial_shops, shop,
          lemuel_flame_loot_1
D:11:     cheibrodos_elevator_heist, lair_entry_dummy,
          minmay_orc_entry_temple_small, uniq_josephine
D:13:     lightli_vaults_fourway_checkpoint, grunt_dithmenos_smoke_and_mirrors
D:14:     nrook_guardian_serpent_ordinary, uniq_frances, uniq_snorg, uniq_azrael
D:15:     gammafunk_enter_depths_forms, glass_columns_b, basic_altar
Lair:1:   ebering_ghost_inner_flame
Lair:2:   minmay_lair_oklob_chamber
Lair:3:   minmay_swamp_entry_worms, chequers_serial_rivers_large_b
Lair:4:   minmay_snake_entry_guardpost_small, basic_altar
Lair:5:   serial_bayou_lagoon_a, serial_bayou_crossing,
          infiniplex_staircase_pool, lemuel_fruit_tree, uniq_urug
Lair:6:   minmay_lair_end_frog_pond, slime_altar_1
Swamp:1:  hangedman_swamp_ruin_hall, swamp_pool2
Swamp:2:  evilmike_swamp_ruin_house_6
Swamp:3:  serial_swamp_ruin, evilmike_swamp_ruin_house_3,
          hangedman_swamp_ruin_wall, evilmike_swamp_ruin_house_4
Swamp:4:  swamp, infiniplex_staircase_pool_2
Orc:1:    serial_shops, shop_fountains
Orc:2:    st_orc_rangers, uniq_donald
Abyss:3:  evilmike_abyss_exit_15

Skill      XL: |  1  2  3  4  5  6  7  8  9 10 11 12 13 14 15 16 17 |
---------------+----------------------------------------------------+-----
Fighting       | 4 5 6 7 8 9 10 11 12 13 14 | 14.2
Axes           | 4 5 6 8 9 11 12 13 15 16 18 19 20 21 | 21.1
Dodging        | 3 4 5 6 7 8 9 |  9.0
Armour         | 3 5 7 8 9 10 11 | 11.1
Stealth        | 1 2 3 |  3.3
Bows           | 6 10 12 14 15 16 17 18 | 18.6

Action                   |  1- 3 |  4- 6 |  7- 9 | 10-12 | 13-15 | 16-18 || total
-------------------------+-------+-------+-------+-------+-------+-------++-------
Melee: Hand axe          |    63 |   212 |   224 |       |       |       ||   499
       Headbutt          |    14 |    53 |    65 |    80 |    78 |    71 ||   361
       War axe           |       |       |   117 |   180 |       |       ||   297
       Battleaxe         |       |       |       |   165 |   131 |       ||   296
       Executioner's axe |       |       |       |       |   307 |   296 ||   603
       Flail             |       |       |       |       |     2 |       ||     2
 Fire: Longbow           |       |       |       |   301 |   568 |   532 ||  1401
       Shortbow          |       |       |       |    13 |       |       ||    13
Invok: Berserk           |       |       |     5 |     4 |     7 |     4 ||    20
       Brothers in Arms  |       |       |       |       |     1 |     1 ||     2
Evoke: Wand              |       |       |       |     3 |       |       ||     3
  Use: Scroll            |       |       |       |    17 |     6 |     5 ||    28
       Potion            |       |       |       |     1 |     3 |     2 ||     6
 Stab: Sleeping          |       |       |       |       |       |     1 ||     1
  Eat: Chunk             |       |     4 |     8 |    20 |    43 |    15 ||    90
       Ration            |       |       |     3 |     3 |     4 |     2 ||    12
Armor: Ring mail         |    11 |    43 |    95 |   127 |   218 |    92 ||   586
       Scale mail        |       |    10 |    43 |       |       |       ||    53
       Chain mail        |       |       |       |       |       |   117 ||   117
Dodge: Dodged            |    41 |   105 |   213 |   259 |   600 |   291 ||  1509

Table legend:
 A = Non-vault XP
 B = Vault XP
 C = Vault XP percentage of total XP
 D = Non-vault monster count
 E = Vault monster count
 F = Vault count percentage of total count
                 A         B        C        D         E       F
            +---------+---------+-------+---------+---------+-------
      Total |  144164 |   68087 |  32.1 |     736 |     227 |  23.6
            +---------+---------+-------+---------+---------+-------
        D:1 |      70 |       0 |   0.0 |      31 |       0 |   0.0
        D:2 |     104 |       0 |   0.0 |      28 |       0 |   0.0
        D:3 |     156 |     403 |  72.1 |      22 |      24 |  52.2
        D:4 |     373 |     207 |  35.7 |      16 |      12 |  42.9
        D:5 |     171 |     855 |  83.3 |       9 |       3 |  25.0
        D:6 |     607 |     478 |  44.1 |      17 |       4 |  19.0
        D:7 |     788 |     255 |  24.4 |      20 |       2 |   9.1
        D:8 |    2531 |       0 |   0.0 |      51 |       0 |   0.0
        D:9 |    1584 |       0 |   0.0 |      13 |       0 |   0.0
       D:10 |    2646 |       0 |   0.0 |      30 |       0 |   0.0
       D:11 |    3370 |    4540 |  57.4 |      24 |      17 |  41.5
       D:12 |    3496 |       0 |   0.0 |      39 |       0 |   0.0
       D:13 |    8312 |    6192 |  42.7 |      38 |      12 |  24.0
       D:14 |    8506 |    5435 |  39.0 |      40 |       9 |  18.4
       D:15 |   13187 |    4731 |  26.4 |      39 |      13 |  25.0
     Lair:1 |    7434 |    1001 |  11.9 |      36 |       2 |   5.3
     Lair:2 |    2738 |    2179 |  44.3 |      11 |       5 |  31.2
     Lair:3 |    3588 |     742 |  17.1 |      18 |       3 |  14.3
     Lair:4 |    4162 |     649 |  13.5 |      20 |       4 |  16.7
     Lair:5 |    4988 |    1224 |  19.7 |      25 |       2 |   7.4
     Lair:6 |   13831 |   13720 |  49.8 |      41 |      51 |  55.4
    Swamp:1 |   11703 |       0 |   0.0 |      31 |       0 |   0.0
    Swamp:2 |   13854 |       0 |   0.0 |      35 |       0 |   0.0
    Swamp:3 |   12982 |       0 |   0.0 |      37 |       0 |   0.0
    Swamp:4 |   18018 |   15836 |  46.8 |      37 |      23 |  38.3
      Orc:1 |    2385 |    4898 |  67.3 |      12 |      16 |  57.1
      Orc:2 |    2024 |    4742 |  70.1 |      14 |      25 |  64.1
    Abyss:3 |     556 |       0 |   0.0 |       2 |       0 |   0.0
            +---------+---------+-------+---------+---------+-------
